 Dungeon Crawl Stone Soup version 0.20-a0-1016-g241539b (webtiles) character file.

217796 FastMan the Severer (level 17, -3/255 HPs)
             Began as a Minotaur Berserker on Apr 16, 2017.
             Was a High Priest of Trog.
             Slain by a two-headed ogre
             ... wielding a +0 giant club
              (11 damage)
             ... on level 1 of the Vaults.
             The game lasted 00:33:31 (32433 turns).

FastMan the Severer (Minotaur Berserker)           Turns: 32433, Time: 00:33:31

Health: -3/255     AC: 22    Str: 27    XL:     17   Next: 95%
Magic:  16/16      EV: 11    Int:  7    God:    Trog [*****.]
Gold:   1862       SH: 22    Dex: 17    Spells: 16/16 levels left

rFire    . . .     SeeInvis +   a - +10 war axe "Mifir" {elec, Int+3 SInv}
rCold    + . .     Gourm    .   H - +0 large shield
rNeg     . . .     Faith    +   N - +10 plate armour {ponderous}
rPois    .         Spirit   .   p - +0 hat
rElec    .         Reflect  .   q - +0 cloak
rCorr    +         Harm     .   J - +2 pair of gloves
MR       +....                  D - +0 pair of boots
Stlth    ..........             k - amulet of faith
Regen    0.6/turn               I - ring of protection from cold
MPRegen  0.2/turn               j - ring of resist corrosion

@: berserking, corroded, slowed, slow
A: retaliatory headbutt, horns 2
}: 2/15 runes: decaying, gossamer
a: Berserk, Trog's Hand, Brothers in Arms, Burn Spellbooks, Renounce Religion


You were on level 1 of the Vaults.
You worshipped Trog.
Trog was extremely pleased with you.
You were hungry.

You visited 5 branches of the dungeon, and saw 30 of its levels.

You collected 2051 gold pieces.
You spent 189 gold pieces at shops.

Inventory:

Hand Weapons
 a - the +10 war axe "Mifir" (weapon) {elec, Int+3 SInv}
   (Trog gifted it to you on level 13 of the Dungeon)

   Occasionally, upon striking a foe, it will discharge some electrical energy
   and cause terrible harm.
   It affects your intelligence (+3).
   It lets you see invisible.
 b - a +6 battleaxe of electrocution
 d - a +5 broad axe of flaming
 u - a +3 antimagic battleaxe
Armour
 l - a +5 plate armour of poison resistance
 p - a +0 hat (worn)
 q - a +0 cloak (worn)
 D - a +0 pair of boots (worn)
 H - a +0 large shield (worn)
 J - a +2 pair of gloves (worn)
 N - a +10 plate armour of ponderousness (worn)
Jewellery
 j - a ring of resist corrosion (right hand)
 k - an amulet of faith (around neck)
 A - an uncursed ring of fire
 I - a ring of protection from cold (left hand)
Scrolls
 e - 6 scrolls of magic mapping
 y - 5 scrolls of teleportation {@r3}
 z - 3 scrolls of fog
 C - 7 scrolls of remove curse {@r2}
 E - 7 scrolls of identify {@r1}
 L - a scroll of silence {unknown}
Potions
 f - 4 potions of flight
 g - a potion of agility {@q5}
 h - 2 potions of might {@q4}
 i - 2 potions of brilliance {@q6}
 m - 6 potions of lignification
 n - 3 potions of curing {@q1}
 o - a potion of invisibility
 t - a potion of cancellation
 w - 4 potions of mutation
 x - 4 potions of ambrosia
 F - 2 potions of magic
 G - 2 potions of berserk rage
 M - a potion of haste {@q3}
Books
 B - a book of Air

   Spells                             Type                      Level
   a - Shock                          Conjuration/Air              1
   b - Swiftness                      Charms/Air                   2
   c - Static Discharge               Conjuration/Air              3
   d - Airstrike                      Air                          4
   e - Lightning Bolt                 Conjuration/Air              5
   Trog disapproves of the use of such an item.
Comestibles
 c - 6 bread rations {@e1}
 r - 25 royal jellies {@e3}
 s - 8 meat rations {@e2}
 v - 10 fruits {@e4}
 K - a chunk of flesh


   Skills:
 * Level 20.1 Fighting
 - Level 20.5 Axes
 + Level 15.5 Armour
 + Level 7.6 Dodging
 * Level 17.1 Shields


You had 16 spell levels left.
You didn't know any spells.

Dungeon Overview and Level Annotations

Branches:
Dungeon (15/15)            Temple (0/1) D:7            Lair (6/6) D:10
  Swamp (4/4) Lair:3       Spider (4/4) Lair:3        Slime (0/5) Lair:5
    Orc (0/2) D:11         Vaults (1/5) D:13         Depths (0/5) D:15

Altars:
Cheibriados
Dithmenos
Gozag
Nemelex Xobeh
Okawaru
Qazlal
Sif Muna
Trog
Uskayaw
Wu Jian
Yredelemnul
Zin
The Shining One
Jiyva

Shops:
D:10 (*

Annotations:
D:9 1 exclusion


Innate Abilities, Weirdness & Mutations

You reflexively headbutt those who attack you in melee.
You have a pair of horns on your head.


Message History

* * * LOW HITPOINT WARNING * * *
The two-headed ogre barely misses you. You block the ogre mage's attack.
You block the two-headed ogre's attack. The two-headed ogre closely misses you.
The freezing wraith hits you but does no damage. x2
You slice the ogre mage!!
Lightning courses through the ogre mage!
You feel the power of Trog in you as your rage grows.
You kill the ogre mage!
Trog accepts your kill.
Trog appreciates your killing of a magic user.
You slash the two-headed ogre! You slash the freezing wraith!
Lightning courses through the freezing wraith!
You destroy the freezing wraith!
Trog accepts your kill.
You closely miss the two-headed ogre. You slash the two-headed ogre!
Lightning courses through the two-headed ogre!
You kill the two-headed ogre!
Trog accepts your kill.
The two-headed ogre hits you with a giant club!
You die... #### #... .. #... .aO

###########..# .O#
#.........#..# #..##
#....(....#Os##....#
####
#.........#.@Oa.....
#...
#.........#.))......
#...
#.........#..##/...#
#... #.........#^.#
.%## #...
#.........#..###..#
#...
#[........#.........
##..
#.........'.........
##.
#.........##########
####### #.........#
##.#.#.#


You could see an entropy weaver, 2 two-headed ogres and a redback.

Vanquished Creatures
  the Lernaean hydra (Swamp:4)
  Rupert (Lair:3)
  Gastronok (D:9)
  A thorn hunter (Swamp:4)
  A fire giant (D:14)
  A vault warden (Vaults:1)
  5 ghost moths
  Louise (Swamp:4)
  Aizul (Spider:3)
  5 emperor scorpions
  An entropy weaver (Spider:3)
  8 vault guards (D:13)
  2 ogre magi
  A ghost crab (Swamp:3)
  22 hydras
  2 death knights
  The ghost of Griselidis the Grappler, a novice TrFi of Uskayaw (D:8)
  3 centaur warriors (D:15)
  Erica (D:8)
  10 two-headed ogres
  The ghost of araganzar the Slicer, a journeyman KoAK of Lugonu (D:10)
  10 alligators
  5 death yaks (Lair:2)
  A tengu warrior (D:14)
  5 spriggans
  Urug (Lair:3)
  A shadow wraith (Vaults:1)
  A glowing orange brain (shapeshifter) (D:14)
  2 unseen horrors
  13 swamp dragons
  Pikel (D:8)
  A spriggan druid (Swamp:3)
  A shambling mangrove (Swamp:2)
  A deep elf archer (Vaults:1)
  An ironbrand convoker (Vaults:1)
  3 orc knights
  13 orb spiders
  A wizard (D:14)
  A necromancer (Vaults:1)
  A manticore (D:15)
  29 wolf spiders
  2 cyclopes
  4 deep elf magi
  An orc sorcerer (D:15)
  A guardian serpent (shapeshifter) (Vaults:1)
  2 moths of wrath
  18 ugly things (D:15)
  Maurice (D:9)
  10 elephants
  A black mamba (Lair:6)
  3 naga magi (D:15)
  Joseph (D:8)
  A centaur zombie (D:14)
  2 torpor snails
  2 vault sentinels (Vaults:1)
  3 gargoyles
  32 spiny frogs
  2 rime drakes
  3 kobold demonologists (D:15)
  11 demonic crawlers
  6 komodo dragons
  2 freezing wraiths
  8 trolls
  30 jumping spiders
  20 hornets
  Grinder (D:3)
  A queen bee (D:14)
  3 meliai (D:14)
  16 slime creatures
  18 blink frogs
  3 tyrant leeches
  7 hippogriffs
  A meliai zombie (D:11)
  11 bog bodies
  A shadow (D:12)
  Sigmund (D:6)
  67 redbacks
  13 tarantellas
  The ghost of FastMan the Chopper, an amateur MiBe of Trog (D:4)
  4 basilisks
  22 vampire mosquitoes
  2 wyverns
  12 yaks
  A steam dragon (D:12)
  2 hungry ghosts
  22 swamp worms
  2 wargs (D:15)
  3 insubstantial wisps (Lair:1)
  6 water moccasins
  11 porcupines
  15 orc warriors
  9 swamp drakes
  4 sky beasts
  3 ice beasts
  3 black bears
  A phantom (D:13)
  17 centaurs
  3 necrophages
  10 ogres
  8 wolves
  13 crocodiles
  A bullfrog (shapeshifter) (D:14)
  2 big kobolds
  An elf zombie (D:15)
  26 bullfrogs
  An elf skeleton (D:15)
  A wyvern skeleton (D:8)
  4 scorpions
  49 killer bees
  3 howler monkeys
  13 wights
  10 electric eels
  5 crimson imps
  A bullfrog zombie (D:11)
  4 human zombies (D:15)
  11 hounds
  2 quasits
  11 orc priests
  9 orc wizards
  Crazy Yiuf (D:6)
  3 centaur skeletons
  A human skeleton (D:15)
  A bullfrog skeleton (D:13)
  6 iguanas
  11 worker ants
  An ogre zombie (D:15)
  A hound skeleton (D:10)
  A worker ant zombie (D:9)
  10 adders
  An ooze (D:4)
  2 adder zombies
  A worm (D:2)
  2 dart slugs (D:2)
  5 leopard geckos
  79 orcs
  5 bats
  5 giant cockroaches
  5 goblins
  5 hobgoblins (D:1)
  15 jackals
  5 quokkas
  A ball python (D:1)
  A ball python skeleton (D:4)
  4 frilled lizards (D:1)
  A jackal skeleton (D:8)
  A jackal zombie (D:5)
  19 kobolds
  A leopard gecko skeleton (D:5)
  2 orc skeletons (D:15)
  5 rats
  8 fungi
  15 plants
1023 creatures vanquished.

Vanquished Creatures (collateral kills)
  A ghost moth (Spider:4)
  2 swamp dragons (Swamp:4)
  3 orb spiders
  A deep elf mage (D:14)
  2 elephants (Lair:6)
  An efreet (D:14)
  A hornet (Spider:4)
  A jumping spider (Spider:4)
  A tyrant leech (Lair:6)
  A bog body (Swamp:4)
  A tarantella (Spider:2)
  2 redbacks (Spider:2)
  A water elemental (D:14)
  2 killer bees (D:14)
20 creatures vanquished.

Vanquished Creatures (others)
  2 slaves (D:8)
  A scorpion (D:8)
  2 killer bees
  A crimson imp (D:8)
  A worker ant (D:8)
  An orc (D:8)
  2 jackals (D:8)
  A bush (Lair:6)
  15 fungi
  27 plants (Lair:6)
53 creatures vanquished.

Grand Total: 1096 creatures vanquished

Notes
Turn   | Place    | Note
-------+----------+-------------------------------------------
     0 | D:1      | FastMan the Minotaur Berserker began the quest for the Orb.
     0 | D:1      | Reached XP level 1. HP: 19/19 MP: 0/0
    85 | D:1      | Reached XP level 2. HP: 16/27 MP: 1/1
   751 | D:1      | Reached XP level 3. HP: 24/34 MP: 2/2
   943 | D:2      | Found a glowing golden altar of the Shining One.
  1283 | D:2      | Reached ** piety under Trog
  1425 | D:3      | Reached skill level 5 in Axes
  1442 | D:3      | Noticed Grinder
  1442 | D:3      | Paralysed by Grinder for 2 turns
  1453 | D:3      | Reached XP level 4. HP: 31/41 MP: 3/3
  1454 | D:3      | Killed Grinder
  1454 | D:3      | Reached skill level 5 in Fighting
  1454 | D:3      | Reached XP level 5. HP: 35/50 MP: 4/4
  1454 | D:3      | Reached XP level 6. HP: 39/57 MP: 5/5
  2104 | D:3      | Found a shadowy altar of Dithmenos.
  2181 | D:4      | Found a sparkling altar of Nemelex Xobeh.
  2238 | D:4      | Noticed FastMan's ghost (amateur MiBe)
  2245 | D:4      | Killed FastMan's ghost
  2245 | D:4      | Reached XP level 7. HP: 42/64 MP: 6/6
  2811 | D:4      | Found an iron altar of Okawaru.
  2954 | D:4      | Found a deep blue altar of Sif Muna.
  3006 | D:4      | Found an ornate altar of the Wu Jian Council.
  3024 | D:5      | Entered Level 5 of the Dungeon
  3416 | D:5      | Found a bloodstained altar of Trog.
  4081 | D:6      | Reached XP level 8. HP: 70/73 MP: 7/7
  4095 | D:6      | Noticed Sigmund
  4100 | D:6      | Killed Sigmund
  4100 | D:6      | Reached skill level 10 in Axes
  4286 | D:6      | Reached *** piety under Trog
  4316 | D:6      | Found a runed door.
  4420 | D:6      | Noticed Crazy Yiuf
  4424 | D:6      | Killed Crazy Yiuf
  4494 | D:6      | Noticed a hippogriff
  4505 | D:6      | Killed a hippogriff
  4676 | D:7      | Found a stormy altar of Qazlal.
  4811 | D:7      | Found a staircase to the Ecumenical Temple.
  4899 | D:7      | Reached XP level 9. HP: 83/83 MP: 8/8
  5602 | D:8      | Noticed Pikel
  5609 | D:8      | Killed Pikel
  5609 | D:8      | Reached skill level 10 in Fighting
  5690 | D:8      | Noticed Griselidis's ghost (novice TrFi)
  5706 | D:8      | Killed Griselidis's ghost
  5706 | D:8      | Reached XP level 10. HP: 40/94 MP: 9/9
  5834 | D:8      | Noticed Erica
  5844 | D:8      | Killed Erica
  5864 | D:8      | Reached **** piety under Trog
  5910 | D:8      | Paralysed by a hornet for 1 turns
  6266 | D:8      | Paralysed by a hornet for 3 turns
  6881 | D:8      | Noticed Joseph
  6905 | D:8      | Killed Joseph
  6905 | D:8      | Reached skill level 15 in Axes
  7309 | D:8      | Found an opulent altar of Gozag.
  7361 | D:9      | Noticed Maurice
  7378 | D:9      | Killed Maurice
  7466 | D:9      | Found a hide-covered altar of Uskayaw.
  7692 | D:9      | Reached ***** piety under Trog
  7693 | D:9      | Found a snail-covered altar of Cheibriados.
  8779 | D:9      | Noticed Gastronok
  8790 | D:9      | Killed Gastronok
  8790 | D:9      | Reached XP level 11. HP: 101/105 MP: 10/10
  8856 | D:10     | Entered Level 10 of the Dungeon
  8930 | D:10     | Found Xofoleju's Antique Weapon Emporium.
  9099 | D:10     | Bought a runed broad axe for 189 gold pieces
  9106 | D:10     | Found Idoeri's Changing Room.
  9107 | D:10     | Found a staircase to the Lair.
  9125 | D:10     | Received a gift from Trog
  9435 | D:10     | Noticed araganzar's ghost (journeyman KoAK)
  9453 | D:10     | Killed araganzar's ghost
 10007 | Lair:1   | Entered Level 1 of the Lair of Beasts
 10227 | Lair:1   | Noticed a five-headed hydra
 10249 | Lair:1   | Killed a one-headed hydra
 10900 | Lair:2   | Received a gift from Trog
 11144 | Lair:2   | Noticed a death yak
 11149 | Lair:2   | Noticed a death yak
 11152 | Lair:2   | Noticed a death yak
 11153 | Lair:2   | Noticed a death yak
 11154 | Lair:2   | Killed a death yak
 11154 | Lair:2   | Reached XP level 12. HP: 115/115 MP: 11/11
 11155 | Lair:2   | Noticed a death yak
 11156 | Lair:2   | Killed a death yak
 11160 | Lair:2   | Killed a death yak
 11160 | Lair:2   | Reached skill level 5 in Armour
 11166 | Lair:2   | Killed a death yak
 11170 | Lair:2   | Killed a death yak
 11836 | Lair:2   | Found an ornate altar of the Wu Jian Council.
 12014 | Lair:3   | Found a hole to the Spider Nest.
 12014 | Lair:3   | Noticed Rupert
 12029 | Lair:3   | Killed Rupert
 12102 | Lair:3   | Found a staircase to the Swamp.
 12633 | Lair:3   | Noticed Urug
 12642 | Lair:3   | Killed Urug
 13688 | Lair:5   | Found a staircase to the Slime Pits.
 13689 | Lair:5   | Found a viscous altar of Jiyva.
 13850 | Lair:5   | Noticed a six-headed hydra
 13853 | Lair:5   | Killed a nine-headed hydra
 13853 | Lair:5   | Reached XP level 13. HP: 87/125 MP: 12/12
 14370 | Lair:5   | Received a gift from Trog
 14385 | Lair:5   | Found a glowing silver altar of Zin.
 15017 | Lair:6   | Entered Level 6 of the Lair of Beasts
 15131 | Lair:6   | Reached skill level 15 in Fighting
 15906 | Lair:6   | Received a gift from Trog
 16054 | Lair:6   | Reached skill level 10 in Armour
 16725 | Lair:3   | Reached XP level 14. HP: 59/136 MP: 13/13
 17001 | Swamp:1  | Entered Level 1 of the Swamp
 17012 | Swamp:1  | Reached skill level 1 in Shields
 18649 | Swamp:2  | Received a gift from Trog
 18649 | Swamp:2  | Reached skill level 5 in Shields
 20935 | Swamp:4  | Entered Level 4 of the Swamp
 20936 | Swamp:4  | Noticed Louise
 20970 | Swamp:4  | Killed Louise
 21018 | Swamp:4  | Noticed a thorn hunter
 21033 | Swamp:4  | Killed a thorn hunter
 21228 | Swamp:4  | Reached XP level 15. HP: 120/145 MP: 14/14
 21723 | Swamp:4  | Reached skill level 10 in Shields
 21738 | Swamp:4  | Noticed the 27-headed Lernaean hydra
 21746 | Swamp:4  | HP: 7/147 [the 26-headed Lernaean hydra (6)]
 21869 | Swamp:4  | Killed the 24-headed Lernaean hydra
 22523 | Swamp:4  | Got a decaying rune of Zot
 22736 | Spider:1 | Entered Level 1 of the Spider Nest
 23326 | Spider:1 | Killed a ghost moth
 23995 | Spider:1 | Received a gift from Trog
 24299 | Spider:2 | Reached XP level 16. HP: 102/157 MP: 15/15
 24742 | Spider:3 | Noticed Aizul
 24755 | Spider:3 | Killed Aizul
 24850 | Spider:3 | Received a gift from Trog
 25379 | Spider:4 | Entered Level 4 of the Spider Nest
 26146 | Spider:4 | Received a gift from Trog
 26489 | Spider:4 | Reached skill level 15 in Shields
 26726 | Spider:4 | Reached skill level 5 in Dodging
 27250 | Spider:4 | Got a gossamer rune of Zot
 28108 | D:11     | Received a gift from Trog
 28167 | D:11     | Found a staircase to the Orcish Mines.
 28618 | D:13     | Reached XP level 17. HP: 166/166 MP: 16/16
 29067 | D:13     | Found a gate to the Vaults.
 29104 | D:13     | Received a gift from Trog
 29120 | D:13     | Got a brightly glowing war axe {god gift}
 29121 | D:13     | Identified the +10 war axe "Mifir" {elec, Int+3 SInv} (Trog gifted it to you on level 13 of the Dungeon)
 29717 | D:14     | Reached skill level 15 in Armour
 29878 | D:14     | Found a hide-covered altar of Uskayaw.
 30087 | D:15     | Entered Level 15 of the Dungeon
 30340 | D:15     | Received a gift from Trog
 30765 | D:15     | Found a basalt altar of Yredelemnul.
 30957 | D:15     | Received a gift from Trog
 31542 | D:15     | Reached ****** piety under Trog
 31801 | D:15     | Received a gift from Trog
 31843 | D:15     | Found a staircase to the Depths.
 32019 | Vaults:1 | Entered Level 1 of the Vaults
 32424 | Vaults:1 | Paralysed by an ogre mage for 7 turns
 32432 | Vaults:1 | HP: 8/255 [two-headed ogre/giant spiked club (9)]
 32433 | Vaults:1 | Slain by a two-headed ogre

Vault maps used:
D:1:      wheals_arrival_shading
D:2:      old_standard_altar, small_statue_intersection,
          minmay_gold_behind_fungi
D:3:      makhleb_blood_cavern_becter, grunt_dithmenos_smoke_and_mirrors,
          lemuel_coloured_pillars_altar, item_on_display_a, uniq_grinder
D:4:      lemuel_blue_sif_altar, kennysheep_mini, kennysheep_little_box,
          nemelex_xobeh_ov_fountains_minmay, first_bread
D:5:      old_standard_altar, serial_bayou_lake_a
D:6:      basic_altar, minmay_misc_feat_plants, uniq_sigmund,
          uniq_crazy_yiuf_cottage
D:7:      old_standard_altar, temple_fountains
D:8:      marbit_many_paths, hangedman_pestilent_swarm,
          roderic_ancient_swastika, uniq_joseph, uniq_pikel, uniq_erica
D:9:      lemuel_doored_altar, special_room, basic_altar, serial_bayou_lagoon_a,
          uniq_maurice, uniq_gastronok
D:10:     due_lair_maze_entry_diamond, serial_shops, nicolae_shop_stone,
          nicolae_benzene_ring, nicolae_transmutations_shop
D:11:     erik_orc_2
D:12:     special_room, onia_ninara_dug_in_and_dangerous
D:13:     erik_vaults_2
D:14:     regret_index_tunnel_blossom, basic_altar, fountainhead,
          serial_bayou_pond_e
D:15:     grunt_enter_depths_magical_seal, lemuel_mausoleum_altar_yredelemnul
Lair:1:   pond
Lair:2:   basic_altar
Lair:3:   minmay_swamp_entry_eels, dummy_spider_entry,
          infiniplex_staircase_pool, uniq_rupert, uniq_urug
Lair:4:   infiniplex_staircase_pool_2
Lair:5:   slime_altar_1, basic_altar, grunt_megastairs_2
Lair:6:   minmay_lair_end_frog_pond, serial_bayou_shore_b
Swamp:1:  serial_swamp_ruin, evilmike_swamp_ruin_house_1,
          evilmike_swamp_ruin_rubble_1, evilmike_swamp_ruin_house_5
Swamp:2:  evilmike_swamp_ruin_house_3, swamp_pool5
Swamp:3:  nicolae_swamp_fairy_circle
Swamp:4:  swamp_old_school, uniq_louise
Spider:3: spider_trap, nicolae_spider_circle_web, uniq_aizul
Spider:4: spider_rune_water, nicolae_crawler_farm
Vaults:1: vaults_room_hallway, vaults_room_door_hall,
          nicolae_vaults_specimen_jars, serial_ice_b,
          nicolae_vaults_border_crossing, vaults_room_semicircle,
          nicolae_vaults_quartermaster, vaults_mumra_minichess_inversion,
          nicolae_vaults_mini_display_case, v_misc_4,
          nicolae_vaults_diagonal_hallway_7, v_misc_15, vaults_room_door_hall

Skill      XL: |  1  2  3  4  5  6  7  8  9 10 11 12 13 14 15 16 17 |
---------------+----------------------------------------------------+-----
Axes           | 4 5 6 8 9 11 13 16 17 19 20 | 20.5
Fighting       | 4 5 6 7 9 10 12 13 14 15 16 17 18 20 | 20.1
Armour         | 4 7 10 12 13 14 15 | 15.5
Shields        | 9 13 15 17 | 17.1
Dodging        | 3 5 7 |  7.6

Action                   |  1- 3 |  4- 6 |  7- 9 | 10-12 | 13-15 | 16-18 || total
-------------------------+-------+-------+-------+-------+-------+-------++-------
Melee: Hand axe          |    73 |    56 |    42 |       |       |       ||   171
       Headbutt          |    10 |     9 |    40 |   105 |   209 |   249 ||   622
       War axe           |       |       |   160 |   220 |       |   399 ||   779
       Broad axe         |       |       |       |   187 |   792 |   554 ||  1533
       Battleaxe         |       |       |       |    69 |   135 |       ||   204
Invok: Berserk           |     2 |     2 |    10 |    19 |    30 |    18 ||    81
       Trog's Hand       |     1 |     1 |     1 |     6 |    14 |    13 ||    36
       Burn Spellbooks   |       |       |     1 |     4 |     2 |     3 ||    10
       Brothers in Arms  |       |       |       |       |     6 |     4 ||    10
  Use: Scroll            |       |     7 |     7 |    13 |    12 |     5 ||    44
       Potion            |       |     1 |     1 |     2 |     6 |     8 ||    18
 Stab: Sleeping          |     1 |       |       |       |       |       ||     1
       Distracted        |       |       |       |       |     1 |       ||     1
       Fleeing           |       |       |       |       |     1 |       ||     1
       Confused          |       |       |       |       |     1 |       ||     1
       Invisible         |       |       |       |       |       |    15 ||    15
  Eat: Chunk             |     2 |     2 |    15 |    35 |    26 |    16 ||    96
       Bread ration      |       |     1 |     1 |     1 |     7 |     6 ||    16
       Meat ration       |       |       |       |     1 |     2 |     1 ||     4
       Royal jelly       |       |       |       |     1 |     2 |     1 ||     4
       Fruit             |       |       |       |       |     1 |       ||     1
Armor: Animal skin       |    11 |       |       |       |       |       ||    11
       Chain mail        |     8 |    24 |   114 |       |       |       ||   146
       Plate armour      |       |       |     8 |   209 |   686 |   474 ||  1377
Dodge: Dodged            |    42 |    19 |    96 |   131 |   249 |   206 ||   743
Block: Large shield      |       |       |       |       |   725 |   895 ||  1620
